 Dungeon Crawl Stone Soup version 0.26.0-10-g1f06aea511 (webtiles) character file.

Game seed: 5896023193049350656

823 night the Skirmisher (level 7, -1/47 HPs)
             Began as a Gargoyle Monk on Jan 23, 2021.
             Was a Believer of the Shining One.
             Killed by divine providence
             ... invoked by an orc priest
              (16 damage)
             ... on level 5 of the Dungeon.
             The game lasted 00:08:48 (5238 turns).

night the Skirmisher (Gargoyle Monk)                Turns: 5238, Time: 00:08:49

Health: -1/47      AC: 13    Str: 23    XL:     7   Next: 96%
Magic:  7/7        EV: 11    Int: 10    God:    the Shining One [**....]
Gold:   166        SH: 10    Dex: 12    Spells: 6/6 levels left

rFire    . . .     SeeInvis .   a - +0 mace
rCold    . . .     Faith    .   f - +0 buckler
rNeg     + + .     Spirit   .   j - +0 ring mail
rPois    ∞         Reflect  +   m - +0 helmet
rElec    +         Harm     .   A - +0 cloak {Stlth+}
rCorr    .         Rampage  .   l - +0 pair of gloves
Will     .....                  k - +0 pair of boots
Stlth    +.........             p - amulet of reflection
HPRegen  0.15/turn              d - +4 ring of slaying
MPRegen  0.10/turn              h - +6 ring of strength

@: glowing
A: negative energy resistance 1, electricity resistance, unbreathing,
petrification resistance, miasma immunity, AC +4
a: Renounce Religion, Divine Shield


You were on level 5 of the Dungeon.
You worshipped the Shining One.
The Shining One was pleased with you.
You visited 2 branches of the dungeon, and saw 6 of its levels.

You collected 166 gold pieces.

Inventory:

Hand Weapons
 a - a +0 mace (weapon)
Missiles
 y - 4 javelins (quivered)
Armour
 f - a +0 buckler (worn)
 j - a +0 ring mail (worn)
 k - a +0 pair of boots (worn)
 l - a +0 pair of gloves (worn)
 m - a +0 helmet (worn)
 A - a +0 cloak of stealth (worn)
Jewellery
 d - a +4 ring of slaying (left hand)
 h - a +6 ring of strength (right hand)
 p - an amulet of reflection (around neck)
 z - an uncursed ring of stealth
Wands
 w - a wand of digging (7)
Scrolls
 c - 3 scrolls of teleportation {unknown}
 e - 4 scrolls of remove curse {unknown}
 g - 3 scrolls of magic mapping {unknown}
 n - a scroll of enchant armour {unknown}
 q - a scroll of amnesia {unknown}
 r - a scroll of fear {unknown}
 t - 2 scrolls of identify {unknown}
 v - a scroll of blinking {unknown}
 x - a scroll of random uselessness {unknown}
Potions
 b - 2 potions of attraction {unknown}
 i - 2 potions of brilliance {unknown}
 o - a potion of heal wounds {unknown}
 s - a potion of curing
 u - a potion of degeneration {unknown}
 B - a potion of cancellation {unknown}


   Skills:
 + Level 6.8 Fighting
 + Level 6.2 Maces & Flails
 - Level 2.4 Dodging
 - Level 2.1 Stealth
 - Level 4.0 Shields


You had 6 spell levels left.
You didn't know any spells.
Your spell library contained the following spells:

 Spells                   Type           Power        Failure   Level
 Confusing Touch          Hex            0%           88%         3
 Gell's Gravitas          Tloc           0%           88%         3
 Petrify                  Tmut/Erth      0%           99%         4
 Metabolic Englaciation   Hex/Ice        0%           100%        5
 Yara's Violent Unravell  Hex/Tmut       0%           100%        5


Dungeon Overview and Level Annotations

Branches:
Dungeon (5/15)             Temple (1/1) D:4

Altars:
Cheibriados
Dithmenos
Hepliaklqana
Nemelex Xobeh
Okawaru
Qazlal
Ru
Trog
Uskayaw
Vehumet
Xom
Yredelemnul
The Shining One


Innate Abilities, Weirdness & Mutations

You are resistant to torment.
Your stone body is resilient. (AC +4)
You are immune to poison.
You resist negative energy. (rN+)
You are resistant to electric shocks. (rElec)
You can survive without breathing.
You are immune to petrification.
You are immune to miasma.


Message History

There is a stone staircase leading up here.
The frilled lizard hisses angrily.
The orc priest mumbles some strange prayers to Beogh against you.
Beogh smites you!
You thump the orc priest!
The orc priest is heavily wounded.
You block the orc's attack. You block the orc priest's attack.
You hit the orc priest.
The orc priest is severely wounded.
The orc closely misses you. The orc priest misses you.
You hit the orc priest.
The orc priest is almost dead.
You block the orc's attack. The orc hits you but does no damage.
The orc priest mumbles some strange prayers to Beogh against you.
Beogh smites you! You block the frilled lizard's attack.
The orc hits you but does no damage. The orc barely misses you.
The orc priest calls down the wrath of Beogh upon you.
Beogh smites you!
You die...

.........## #
..........####.
.............$
.......O....#
..[.....?...####..
..........†......#
[.......÷..#
..........o###
...........o@#
...........lo#
.#######:....#
#.....# #.....#
#.....# #.....#
#######


You could see an orc priest, 2 orcs and a frilled lizard.

Vanquished Creatures
  Eustachio (D:4)
  An ogre (D:4)
  3 scorpions
  3 hounds
  Crazy Yiuf (D:4)
  2 orc priests
  Terence (D:2)
  2 orc wizards (D:4)
  A worker ant (D:4)
  A hound skeleton (D:4)
  Robin (D:1)
  5 adders
  A white imp (D:5)
  An ooze (D:2)
  2 worms (D:2)
  A dart slug (D:1)
  3 leopard geckos
  10 orcs
  A ball python (D:1)
  2 giant cockroaches
  11 goblins
  9 hobgoblins (D:1)
  10 kobolds
  3 quokkas
  10 bats
  4 frilled lizards
  A jackal zombie (D:5)
  2 rats
93 creatures vanquished.

Vanquished Creatures (others)
  3 plants (D:5)
3 creatures vanquished.

Grand Total: 96 creatures vanquished

Notes
Turn   | Place    | Note
-------+----------+-------------------------------------------
     0 | D:1      | night the Gargoyle Monk began the quest for the Orb.
     0 | D:1      | Reached XP level 1. HP: 14/14 MP: 1/1
   420 | D:1      | Reached XP level 2. HP: 19/19 MP: 2/2
   723 | D:1      | Reached XP level 3. HP: 24/24 MP: 3/3
   984 | D:2      | Noticed Robin
  1466 | D:1      | Reached XP level 4. HP: 29/30 MP: 4/4
  1641 | D:1      | Killed Robin
  2174 | D:2      | Noticed Terence
  2197 | D:2      | Killed Terence
  2198 | D:2      | Reached skill level 5 in Fighting
  2198 | D:2      | Reached XP level 5. HP: 23/35 MP: 5/5
  2353 | D:2      | Found a bloodstained altar of Trog.
  3052 | D:3      | Found a faded altar of an unknown god.
  3564 | D:4      | Found a staircase to the Ecumenical Temple.
  3573 | Temple   | Entered the Ecumenical Temple
  3578 | Temple   | Reached skill level 1 in Shields
  3885 | Temple   | Became a worshipper of the Shining One
  3885 | Temple   | Reached * piety under the Shining One
  3885 | Temple   | Reached ** piety under the Shining One
  4002 | D:4      | Reached XP level 6. HP: 39/40 MP: 6/6
  4017 | D:4      | HP: 2/40 [orc priest/divine providence (13)]
  4316 | D:4      | Found a runed translucent door.
  4317 | D:4      | Noticed Crazy Yiuf
  4332 | D:4      | Killed Crazy Yiuf
  4333 | D:4      | Reached skill level 5 in Maces & Flails
  4662 | D:4      | Noticed Eustachio
  4671 | D:4      | Reached XP level 7. HP: 45/45 MP: 7/7
  4677 | D:4      | Killed Eustachio
  4959 | D:5      | Entered Level 5 of the Dungeon
  5238 | D:5      | Killed from afar by an orc priest

Illustrated notes

Levels and vault maps discovered:
D:1:      lemuel_arrival_funnel, layout_basic
D:2:      layout_basic, lemuel_coloured_pillars_altar, uniq_robin, uniq_terence
D:3:      layout_basic, chequers_ecumenical_altar_grove, serial_corexii_hall,
          corexii_hall_statues_x, corexii_hall_statues_l,
          chequers_hall_statues_y, corexii_hall_statues_x, minmay_checkerbox
D:4:      layout_basic, minmay_temple_entry_tees, uniq_eustachio,
          uniq_crazy_yiuf_cottage
D:5:      layout_rooms, grunt_temple_overflow_growth_and_decay,
          gammafunk_temple_overflow_wave, st_stairs_7
Temple:   minmay_temple_bridge_abc

Skill      XL: |  1  2  3  4  5  6  7 |
---------------+----------------------+-----
Fighting       | 4 5 6 |  6.8
Maces & Flails | 4 5 6 |  6.2
Shields        | 1 2 4 |  4.0
Dodging        | |  2.4
Stealth        | |  2.1

Action                   |  1- 3 |  4- 6 |  7- 9 || total
-------------------------+-------+-------+-------++-------
Melee: Mace              |    92 |   147 |    43 ||   282
Invok: Divine Shield     |       |     1 |       ||     1
 Stab: Sleeping          |     1 |     3 |       ||     4
Armor: Robe              |     7 |       |       ||     7
       Ring mail         |    37 |    45 |    25 ||   107
Dodge: Dodged            |    59 |    77 |    26 ||   162
Block: Buckler           |    12 |    43 |    25 ||    80
